AoeStats
← qetuadgjzcbm123

Arena

510090461Analyzed
1v1 RM · 2d ago on Sep 29, 2026· 34m 34s· 2 players
Game mode
Random Map
Map size
Tiny (2 player)
Population
200
Speed
Normal
Resources
Standard
Victory
Conquest
Starting age
Dark Age
Ending age
Imperial Age
RankedLock teamsTeams togetherTeam positionsShared explorationLock speedFull tech treeHidden civsTurbo modeCheats
Victory
Defeat
🇦🇷 Italians · Argentina
1027
+16
🇹🇼 Spanish · Taiwan
1027
-16
qetuadgjzcbm123
6:43 Loom
10:07 Feudal Age
11:30 Double-Bit Axe
11:31 Horse Collar
16:50 Castle Age
15:56 Scale Barding Armor
17:03 Bloodlines
19:36 Bow Saw
20:15 Heavy Plow
20:39 Chain Barding Armor
20:24 Husbandry
25:08 Stone Mining
25:58 Wheelbarrow
25:40 Town Watch
30:55 Imperial Age
29:03 Sanctity
28:29 Light Cavalry
29:22 Forging
29:54 Husbandry
31:48 Iron Casting
31:04 Fletching
32:36 Chemistry
32:05 Block Printing
32:26 Redemption
33:31 Illumination
33:31 Hand Cart
33:55 Plate Barding Armor
33:20 Padded Archer Armor
Bubba5148786
10:26 Feudal Age
12:19 Double-Bit Axe
14:48 Castle Age
13:44 Horse Collar
22:27 Wheelbarrow
26:07 Imperial Age
24:59 Loom
25:00 Town Watch
25:43 Bow Saw
25:06 Elite Skirmisher
26:51 Fletching
27:02 Padded Archer Armor
28:47 Chemistry
29:32 Light Cavalry
30:23 Bloodlines
32:24 Forging
32:20 Bodkin Arrow
32:40 Leather Archer Armor
32:31 Scale Barding Armor
Connection lost

Rejoining the realm…

Still unreachable

The connection could not be restored.

Session expired

The server has moved on; the page needs a fresh start.